 Dungeon Crawl Stone Soup version 0.31-a0-496-g6f97920a28 (webtiles) character file.

Game seed: 16221244015302810355

921 randomguy2701 the Thaumaturge (level 7, -6/36 HPs)
             Began as a Deep Elf Necromancer on Aug 9, 2023.
             Was an Initiate of Sif Muna.
             Mangled by Menkaure (12 damage)
             ... on level 5 of the Dungeon.
             The game lasted 00:12:09 (5468 turns).

randomguy2701 the Thaumaturge (DENe)                Turns: 5468, Time: 00:12:11

Health: -6/36      AC:  3    Str: 11    XL:     7   Next: 84%
Magic:  13/21      EV: 12    Int: 22    God:    Sif Muna [......]
Gold:   242        SH:  0    Dex: 15    Spells: 20/24 levels left

rFire   . . .        l - staff of poison
rCold   . . .        (no shield)
rNeg    . . .        a - +0 robe
rPois   +            (no helmet)
rElec   .            (no cloak)
rCorr   .            k - +0 pair of gloves
SInv    .            (no boots)
Will    .....        (no amulet)
Stlth   +++          c - +6 ring of strength
HPRegen 0.26/turn    (no ring)
MPRegen 0.17/turn

%: no passive effects
@: very slightly contaminated
A: no striking features
a: Renounce Religion


You were on level 5 of the Dungeon.
You worshipped Sif Muna.
Sif Muna was noncommittal.
You visited 2 branches of the dungeon, and saw 6 of its levels.

You collected 242 gold pieces.

Inventory:

Armour
 a - a +0 robe (worn)
 k - a +0 pair of gloves (worn)
Magical Staves
 l - a staff of poison (weapon)
Jewellery
 c - a +6 ring of strength (left hand)
Scrolls
 e - 7 scrolls of identify {unknown}
 j - a scroll of enchant weapon {unknown}
 n - a scroll of immolation {unknown}
 o - a scroll of silence {unknown}
 r - 2 scrolls of blinking {unknown}
 s - a scroll of vulnerability {unknown}
 t - a scroll of fear {unknown}
Potions
 b - a potion of magic
 d - a potion of degeneration {unknown}
 f - 2 potions of might {unknown}
 g - a potion of enlightenment {unknown}
 h - 4 potions of curing {unknown}
 i - 4 potions of lignification {unknown}
 m - a potion of resistance {unknown}
 p - a potion of brilliance {unknown}
 q - a potion of ambrosia {unknown}


   Skills:
 + Level 2.6 Dodging
 + Level 3.7 Stealth
 + Level 9.0 Spellcasting
 + Level 1.0 Conjurations
 + Level 8.1 Necromancy
 + Level 0.6 Air Magic
 + Level 0.4 Poison Magic


You had 20 spell levels left.
You knew the following spells:

 Your Spells              Type           Power      Damage    Failure   Level
a - Necrotise             Necr           100%       1d9       1%          1
b - Poisonous Vapours     Pois/Air       36%        N/A       9%          2
c - Magic Dart            Conj           56%        1d5       4%          1

Your spell library contained the following spells:

 Spells                   Type           Power      Damage    Failure   Level
 Vampiric Draining        Necr           45%        2d9       1%          3
 Animate Dead             Necr           45%        N/A       2%          4
 Cigotuvi's Dreadful Rot  Necr/Pois/Air  70%        N/A       3%          2
 Foxfire                  Conj/Fire      48%        2x1d6     5%          1
 Agony                    Necr           45%        N/A       6%          5
 Call Imp                 Summ           18%        N/A       10%         2
 Mephitic Cloud           Conj/Pois/Air  19%        N/A       16%         3
 Ignite Poison            Fire/Tmut/Pois 15%        N/A       19%         3
 Gell's Gravitas          Tloc           9%         N/A       21%         3
 Portal Projectile        Hex/Tloc       18%        N/A       21%         3
 Teleport Other           Tloc           9%         N/A       21%         3
 Tukima's Dance           Hex            9%         N/A       21%         3
 Iskenderun's Mystic Bla  Conj/Tloc      12%        2d5       47%         4
 Freezing Cloud           Conj/Ice/Air   6%         6-21      83%         5
 Dispersal                Tloc           4%         N/A       100%        6
 Plasma Beam              Fire/Air       5%         2x1d16    100%        6
 Starburst                Conj/Fire      6%         6d4       100%        6


Dungeon Overview and Level Annotations

Branches:
Dungeon (5/15)             Temple (1/1) D:5

Altars:
Ashenzari
Cheibriados
Dithmenos
Elyvilon
Fedhas
Kikubaaqudgha
Makhleb
Nemelex Xobeh
Okawaru
Qazlal
Ru
Sif Muna
Trog
Uskayaw
Vehumet
Wu Jian
Xom
Yredelemnul
Zin
The Shining One

Shops:
D:4 (

Annotations:
D:2 1 runed translucent door, Crazy Yiuf
D:3 1 runed translucent door, pokeman's ghost, weakling DEHW
D:5 Menkaure


Message History

Aim: Menkaure (moderately damaged, fast, 100% to hit)
The magic dart hits Menkaure but does no damage.
Menkaure is moderately damaged.
Casting: Magic Dart (safe; 4% risk of failure)
Confirm with . or Enter, or press ? or * to list all spells.
Aiming: Magic Dart (safe; 4% risk of failure)
Press: ? - help, Shift-Dir - straight line, f/p - Menkaure
Aim: Menkaure (moderately damaged, fast, 100% to hit)
The magic dart hits Menkaure but does no damage.
Menkaure is moderately damaged.
Menkaure hits you!
* * * LOW HITPOINT WARNING * * *
Casting: Magic Dart (safe; 4% risk of failure)
Confirm with . or Enter, or press ? or * to list all spells.
Aiming: Magic Dart (safe; 4% risk of failure)
Press: ? - help, Shift-Dir - straight line, f/p - Menkaure
Aim: Menkaure (moderately damaged, fast, 100% to hit)
The magic dart hits Menkaure but does no damage.
Menkaure is moderately damaged.
Menkaure calls on the powers of darkness!
Your body is wracked with pain!
* * * LOW HITPOINT WARNING * * *
Casting: Magic Dart (safe; 4% risk of failure)
Confirm with . or Enter, or press ? or * to list all spells.
Aiming: Magic Dart (safe; 4% risk of failure)
Press: ? - help, Shift-Dir - straight line, f/p - Menkaure
Aim: Menkaure (moderately damaged, fast, 100% to hit)
The magic dart hits Menkaure.
Menkaure is moderately damaged.
Menkaure closely misses you.
Unknown command.
Casting: Magic Dart (safe; 4% risk of failure)
Confirm with . or Enter, or press ? or * to list all spells.
Aiming: Magic Dart (safe; 4% risk of failure)
Press: ? - help, Shift-Dir - straight line, f/p - Menkaure
Aim: Menkaure (moderately damaged, fast, 100% to hit)
The magic dart hits Menkaure.
Menkaure is heavily damaged.
Menkaure hits you!
You die...

#.#..........######## #.#
.#.##...#...###.........#
#.#
............####.######.#
#.# #.###.M#........# #[#
#.# #.###..########## #.#
#.. #.......# #.# ###
####....# ###.# #..#.#
########...#
#..#.#####@.).....###
##### #..#.....M.##...#.#
#.... #..#########.###..#
#.### #...........##
##.## ##.## #######.##
##.###...# ........#
#.......# #######.##
##.###...# ##.##
##)......##
##.###..#####...


You could see Menkaure (fast).

Vanquished Creatures
  Sigmund (D:5)
  A water moccasin (D:5)
  A bullfrog (D:4)
  A scorpion (D:5)
  Blork the orc (D:5)
  A vampire bat (D:3)
  A hound (D:5)
  A jelly (D:5)
  3 orc wizards
  Natasha (thrice) (D:2)
  4 gnolls (D:2)
  6 adders
  A shadow imp (D:5)
  An ufetubus (D:4)
  2 worms
  4 dart slugs
  12 orcs
  2 bat skeletons (D:3)
  3 bat zombies (D:3)
  4 endoplasms
  2 giant cockroaches
  11 goblins
  17 hobgoblins
  2 quokkas
  5 ball pythons
  2 bats
  5 frilled lizards
  3 kobolds
  2 rats
102 creatures vanquished.

Vanquished Creatures (collateral kills)
  Robin (D:3)
1 creature vanquished.

Grand Total: 103 creatures vanquished

Notes
Turn   | Place    | Note
-------+----------+-------------------------------------------
     0 | D:1      | randomguy2701 the Deep Elf Necromancer began the quest for
                  | the Orb.
     0 | D:1      | Reached XP level 1. HP: 10/10 MP: 6/6
   175 | D:1      | Reached skill level 5 in Necromancy
   232 | D:1      | Reached XP level 2. HP: 15/15 MP: 5/8
   850 | D:2      | Noticed Natasha
   861 | D:2      | Killed Natasha
   862 | D:2      | Reached skill level 4 in Spellcasting
   862 | D:2      | Reached XP level 3. HP: 9/19 MP: 2/10
  1017 | D:2      | Noticed Natasha
  1024 | D:2      | Killed Natasha
  1025 | D:2      | Reached XP level 4. HP: 10/24 MP: 5/12
  1116 | D:2      | Reached skill level 5 in Spellcasting
  1273 | D:2      | Found a runed translucent door.
  1274 | D:2      | Noticed Crazy Yiuf
  1487 | D:2      | Noticed Natasha
  1491 | D:2      | Killed Natasha
  1492 | D:2      | Reached XP level 5. HP: 28/28 MP: 11/15
  2233 | D:3      | Identified the +9 flail of the Trees {heavy, *Noise rN+
                  | Str+5}
  2409 | D:3      | Reached skill level 6 in Spellcasting
  2735 | D:3      | Learned a level 2 spell: Poisonous Vapours
  2737 | D:3      | Learned a level 1 spell: Magic Dart
  2739 | D:3      | Noticed pokeman's ghost (weakling DEHW)
  2748 | D:3      | Found a runed translucent door.
  2812 | D:3      | Noticed Robin
  2829 | D:3      | Killed Robin
  3271 | D:3      | Reached XP level 6. HP: 32/32 MP: 12/17
  3451 | D:3      | Found an ancient bone altar of Kikubaaqudgha.
  3784 | D:4      | Found an iron altar of Okawaru.
  3844 | D:4      | Found a sparkling altar of Nemelex Xobeh.
  3925 | D:4      | Reached skill level 7 in Spellcasting
  4035 | D:4      | Found Osenkiho's Weapon Shoppe.
  4658 | D:5      | Entered Level 5 of the Dungeon
  4736 | D:5      | Noticed a water moccasin
  4745 | D:5      | Killed a water moccasin
  4746 | D:5      | Reached XP level 7. HP: 23/36 MP: 11/20
  4887 | D:5      | Noticed Sigmund
  4903 | D:5      | Found a staircase to the Ecumenical Temple.
  4913 | Temple   | Entered the Ecumenical Temple
  4984 | Temple   | Became a worshipper of Sif Muna the Loreminder
  5081 | D:5      | Reached skill level 8 in Spellcasting
  5081 | D:5      | Reached skill level 1 in Conjurations
  5139 | D:5      | Killed Sigmund
  5194 | D:5      | Noticed Menkaure
  5251 | D:5      | Noticed Blork the orc
  5259 | D:5      | Killed Blork the orc
  5368 | D:5      | Reached skill level 9 in Spellcasting
  5468 | D:5      | Mangled by Menkaure

Illustrated notes

Levels and vault maps discovered:
D:1:      psy_arrival_fountain, layout_basic
D:2:      layout_loops_ring, minmay_goblin_kobold_house, uniq_natasha,
          uniq_crazy_yiuf_cottage
D:3:      layout_basic, kennysheep_vampire_church,
          hellmonk_ghost_happy_afterlife, lemuel_flame_loot_1, uniq_robin
D:4:      layout_basic, mainiacjoe_overflow_catch_the_wave, serial_shops,
          shop_statue
D:5:      layout_loops_ring, minmay_temple_entry_antechambers, uniq_ijyb,
          uniq_sigmund, uniq_blork_the_orc, uniq_menkaure
Temple:   minmay_temple_bridge_d

Skill      XL: |  1  2  3  4  5  6  7 |
---------------+----------------------+-----
Necromancy     | 5 6 7 8 |  8.1
Spellcasting   | 4 5 6 7 9 |  9.0
Stealth        | 3 |  3.7
Conjurations   | 1 |  1.0
Dodging        | |  2.6
Air Magic      | |  0.6
Poison Magic   | |  0.4

Action                     |  1- 3 |  4- 6 |  7- 9 || total
---------------------------+-------+-------+-------++-------
  Melee: Staff             |       |     5 |       ||     5
   Cast: Necrotise         |    41 |   130 |    29 ||   200
         Magic Dart        |       |    56 |    21 ||    77
         Poisonous Vapours |       |     6 |       ||     6
 Armour: Robe              |     3 |    21 |     2 ||    26
  Dodge: Dodged            |     6 |    42 |    10 ||    58

Table legend: (Time is in decaauts)
 A = Elapsed time spent in this place.
 B = Non-inter-level travel time spent in this place.
 C = Inter-level travel time spent in this place.
 D = Time resting spent in this place.
 E = Time spent auto-exploring this place.
 F = Levels seen in this place.
 G = Mean time per level.
                   A        B        C        D        E       F      G
               +--------+--------+--------+--------+--------+-----+--------+
         Total |   5473 |   5148 |    325 |      0 |   4516 |   6 |  912.2 |
       Dungeon |   5330 |   5146 |    184 |      0 |   4516 |   5 | 1066.0 |
        Temple |    142 |      1 |    141 |      0 |      0 |   1 |  142.0 |
               +--------+--------+--------+--------+--------+-----+--------+

Top non-repeatable levels by time:
     D:3: 1600 daAuts
     D:2: 1377 daAuts
     D:4: 887 daAuts
     D:1: 797 daAuts
     D:5: 667 daAuts
  Temple: 142 daAuts
